 Dungeon Crawl Stone Soup version 0.28.0 (webtiles) character file.

Game seed: 16661408523029663688

983 zeram the Spear-Bearer (level 8, -1/54 (58) HPs)
             Began as a Merfolk Fighter on Feb 13, 2022.
             Slain by a wight (6 damage)
             ... on level 6 of the Dungeon.
             The game lasted 00:06:24 (6385 turns).

zeram the Spear-Bearer (Merfolk Fighter)            Turns: 6385, Time: 00:06:25

HP:   -1/54 (58)    AC: 13    Str: 11    XL:     8   Next: 17%
MP:   17/17         EV:  2    Int:  9    God:
Gold: 219           SH:  4    Dex: 10    Spells: 7/7 levels left

rFire   + + +      SeeInvis +   a - +1 trident
rCold   . . .      Faith    .   c - +0 buckler
rNeg    . . .      Spirit   .   t - +0 plate armour
rPois   +          Reflect  .   o - +0 helmet
rElec   .          Harm     .   r - +0 cloak
rCorr   .          Rampage  .   (no gloves)
Will    .....                   (no boots)
Stlth   ..........              (no amulet)
HPRegen 0.18/turn               k - ring "Fatzynev" {rPois rF+++ MP+9 Str-5 Dex-4}
MPRegen 0.15/turn               j - ring of see invisible

@: drained
A: (nimble swimmer 2), mertail
a: no special abilities


You were on level 6 of the Dungeon.
You visited 1 branch of the dungeon, and saw 6 of its levels.

You collected 219 gold pieces.

Inventory:

Hand Weapons
 a - a +1 trident (weapon)
Armour
 b - a +0 scale mail
 c - a +0 buckler (worn)
 d - a +0 robe
 o - a +0 helmet (worn)
 r - a +0 cloak (worn)
 t - a +0 plate armour (worn)
Jewellery
 j - a ring of see invisible (right hand)
 k - the ring "Fatzynev" (left hand) {rPois rF+++ MP+9 Str-5 Dex-4}
   (You found it on level 2 of the Dungeon)

   [ring of magical power]

   Str:       It affects your strength (-5).
   Dex:       It affects your dexterity (-4).
   rF:        It renders you almost immune to fire.
   rPois:     It protects you from poison.
   MP:        It affects your magic capacity (+9).
 m - an amulet of magic regeneration
 n - a +6 ring of intelligence
Scrolls
 l - a scroll of fear {unknown}
 q - a scroll of teleportation
 s - a scroll of enchant armour {unknown}
 v - a scroll of identify {unknown}
Potions
 e - a potion of flight {unknown}
 f - 2 potions of haste {unknown}
 g - a potion of invisibility {unknown}
 h - a potion of berserk rage {unknown}
 i - 3 potions of curing {unknown}
 p - a potion of attraction {unknown}
 u - 2 potions of lignification {unknown}


   Skills:
 - Level 3.2 Fighting
 + Level 10.8 Polearms
 - Level 3.4 Armour
 + Level 3.0 Dodging
 + Level 4.2 Shields
 * Level 1.2 Summonings


You had 7 spell levels left.
You didn't know any spells.
Your spell library contained the following spells:

 Spells                   Type           Power      Damage    Failure   Level
 Frozen Ramparts          Ice            0%         1d2       100%        3
 Ice Form                 Ice/Tmut       0%         N/A       100%        4
 Summon Ice Beast         Ice/Summ       1%         N/A       100%        4


Dungeon Overview and Level Annotations

Branches:
Dungeon (6/15)
 Temple: D:4-7

Altars:
Wu Jian


Innate Abilities, Weirdness & Mutations

((You are very nimble when in or above water. (Stealth+, EV+, Speed+++)))
Your lower body shifts to a powerful aquatic tail in water.


Message History

A wight is nearby!
A wight is nearby!
A wight is nearby!
A wight comes into view. It is wielding a +0 halberd.
You reach to attack!
You hit the wight but do no damage.
Okay, then.
The wight barely misses you.
You hit the wight but do no damage. You hit the wight but do no damage.
You block the wight's attack.
You puncture the wight!
The wight is severely damaged.
The wight hits you with a +3 war axe!
You feel drained. The wight hits you but does no damage.
You barely miss the wight.
The wight is severely damaged.
The wight barely misses you.
The wight hits you from afar with a +0 halberd.
You hit the wight.
The wight is severely damaged.
The wight hits you but does no damage.
The wight hits you from afar with a +0 halberd!
You hit the wight.
You destroy the wight!
Your life force feels restored.
The wight hits you with a +0 halberd!
You feel drained.
Things that are here:
a +3 war axe; a +0 robe The wight hits you with a +0 halberd!
* * * LOW HITPOINT WARNING * * *
You feel drained.
* * * LOW HITPOINT WARNING * * *
The wight hits you with a +0 halberd.
* * * LOW HITPOINT WARNING * * *
You feel drained.
* * * LOW HITPOINT WARNING * * *
The wight hits you but does no damage.
Okay, then.
Okay, then.
The wight hits you from afar with a +0 halberd.
You die...

####.
##################......
.>..........).z.@..#
#.###########..###.#
#.###### ####...# #
#.#....# #......##
....##.# #.......#
#....#.# #.....#.#
...#.#.###.....#...
...#...........#..#.#
...#.#.#.......##.# #


You could see a wight.

Vanquished Creatures
  Sigmund (D:4)
  Edmund (D:4)
  A phantom (D:5)
  Blork the orc (D:4)
  A scorpion (D:4)
  A wyvern skeleton (D:4)
  A wight (D:6)
  A hound (D:5)
  A jelly (D:5)
  2 orc priests
  Crazy Yiuf (D:4)
  3 iguanas
  6 adders
  A shadow imp (D:6)
  A white imp (D:5)
  2 ufetubi
  An adder skeleton (D:4)
  4 worms
  2 dart slugs
  8 orcs
  6 ball pythons
  7 endoplasms
  3 giant cockroaches
  3 goblins
  14 hobgoblins
  11 kobolds
  5 quokkas
  4 bats
  A frilled lizard (D:2)
  8 rats
102 creatures vanquished.

Vanquished Creatures (others)
  A fungus (D:4)
1 creature vanquished.

Grand Total: 103 creatures vanquished

Notes
Turn   | Place    | Note
-------+----------+-------------------------------------------
     0 | D:1      | zeram the Merfolk Fighter began the quest for the Orb.
     0 | D:1      | Reached XP level 1. HP: 18/18 MP: 1/1
   193 | D:1      | Reached XP level 2. HP: 24/24 MP: 2/2
   656 | D:1      | Reached XP level 3. HP: 29/29 MP: 3/3
  1057 | D:2      | Reached skill level 4 in Polearms
  1252 | D:2      | Identified the ring "Fatzynev" {rPois rF+++ MP+9 Str-5
                  | Dex-4}
  1273 | D:2      | Reached skill level 1 in Dodging
  1396 | D:2      | Reached XP level 4. HP: 35/35 MP: 4/4
  2021 | D:3      | Reached skill level 5 in Polearms
  2431 | D:3      | Reached XP level 5. HP: 8/41 MP: 5/5
  2991 | D:3      | Found a faded altar of an unknown god.
  3108 | D:4      | Reached skill level 6 in Polearms
  3128 | D:4      | Noticed Sigmund
  3145 | D:4      | Killed Sigmund
  3146 | D:4      | Reached skill level 7 in Polearms
  3146 | D:4      | Reached XP level 6. HP: 21/47 MP: 6/6
  3393 | D:4      | Noticed Edmund
  3406 | D:4      | Killed Edmund
  3407 | D:4      | Reached skill level 8 in Polearms
  3625 | D:4      | Noticed Blork the orc
  3635 | D:4      | Killed Blork the orc
  3636 | D:4      | Reached XP level 7. HP: 46/52 MP: 7/7
  3798 | D:4      | Reached skill level 9 in Polearms
  4897 | D:4      | Found a runed translucent door.
  4898 | D:4      | Noticed Crazy Yiuf
  4906 | D:4      | Killed Crazy Yiuf
  5038 | D:5      | Entered Level 5 of the Dungeon
  5353 | D:5      | Reached skill level 10 in Polearms
  5489 | D:5      | Reached XP level 8. HP: 53/58 MP: 8/8
  5654 | D:5      | Reached skill level 1 in Summonings
  5729 | D:5      | Found an ornate altar of the Wu Jian Council.
  5736 | D:5      | Noticed a spectral centipede
  5736 | D:5      | Noticed a spectral black mamba
  6385 | D:6      | Slain by a wight

Illustrated notes

Levels and vault maps discovered:
D:1:      lordsloth_arrival_two_stooges, layout_rooms, st_stairs_9,
          minmay_misc_feat_roman, roderic_roman_lattice
D:2:      layout_basic, minmay_distorted
D:3:      corexii_shack_village, layout_loops_ring,
          shapermc_ecumenical_altar_mp_vishouse, minmay_misc_feat_tiny
D:4:      layout_basic, uniq_edmund, uniq_crazy_yiuf_cottage,
          uniq_blork_the_orc, uniq_sigmund
D:5:      layout_gridville, pdpol_wu_jian_five_deadly_venoms
D:6:      layout_basic, grunt_ministairs_1, glass_columns_a,
          uniq_prince_ribbit1, uniq_eustachio, uniq_pikel

Skill      XL: |  1  2  3  4  5  6  7  8 |
---------------+-------------------------+-----
Polearms       | 4 5 7 8 10 | 10.8
Dodging        | 1 2 3 |  3.0
Armour         | 3 |  3.4
Shields        | 4 |  4.2
Summonings     | 1 |  1.2
Fighting       | |  3.2

Action                   |  1- 3 |  4- 6 |  7- 9 || total
-------------------------+-------+-------+-------++-------
Melee: Trident           |   123 |   144 |   202 ||   469
  Use: Scroll            |     2 |     2 |     3 ||     7
       Potion            |       |     1 |       ||     1
Armor: Scale mail        |    38 |    28 |    44 ||   110
       Plate armour      |       |       |    39 ||    39
Dodge: Dodged            |    42 |    22 |    38 ||   102
Block: Buckler           |    19 |    20 |    25 ||    64
